 Zot Defence DCSS version 0.15-a0-1403-g2cecdf4 (webtiles) character file.

60 PolkaDot the Insei (level 3, 0/26 HPs)
             Began as a Demonspawn Transmuter on June 11, 2014.
             Slain by a goblin zombie (1 damage)
             ... animated by Gajemigh the shadow imp
             ... in the Realm of Zot (Scenario V: Glassed Sandwich).
             The game lasted 00:02:32 (399 turns).

PolkaDot the Insei (Demonspawn Transmuter)           Turns: 399, Time: 00:02:32

HP   0/26        AC  2     Str 10      XL: 3   Next: 80%
MP   6/6         EV 12     Int 14      God:
Gold 0           SH  0     Dex 14      Spells:  1 memorised,  5 levels left

rFire  . . .     SeeInvis .       - Unarmed
rCold  . . .     Clarity  .     c - +0 robe
rNeg   . . .     rCorr    .     (no shield)
rPois  .         rRot     .     (helmet restricted)
rElec  .         Spirit   .     (no cloak)
SustAb .         Warding  .     (no gloves)
rMut   .         Stasis   .     (no boots)
Gourm  .                        (no amulet)
MR     .....                    (no ring)
                                (no ring)

@: very slightly contaminated, not resistant to hostile enchantments, very
unstealthy
A: antennae 1, demonic guardian 1
a: Make oklob sapling, Make arrow trap


You were in the Realm of Zot.
You were not hungry.

You visited 1 branch

Inventory:

Missiles
 b - 12 arrows
Armour
 c - a +0 robe (worn)
Comestibles
 f - a bread ration
Scrolls
 j - a scroll of blinking
Potions
 h - 2 potions of magic
 i - a potion of berserk rage
Books
 d - a book of Changes

   Spells                             Type                      Level
   *Beastly Appendage                 Transmutation                1
   Sticks to Snakes                   Transmutation                2
   Spider Form                        Transmutation/Poison         3
   Ice Form                           Ice/Transmutation            4
   Blade Hands                        Transmutation                5


   Skills:
 - Level 1.0 Fighting
 - Level 1.7 Dodging
 + Level 4.3 Unarmed Combat
 - Level 2.0 Spellcasting
 - Level 1.7 Transmutations


You had 5 spell levels left.
You knew the following spells:

 Your Spells              Type           Power        Failure   Level  Hunger
a - Beastly Appendage     Trmt           #.....       14%         1    ##.....


Dungeon Overview and Level Annotations

Branches:
    Zot (1/1)

Altars:


Innate Abilities, Weirdness & Mutations

You have a pair of small antennae on your head.
A weak demonic guardian rushes to your aid.


Message History

The bat zombie completely misses you.
You hit Gajemigh. Your punch misses Gajemigh.
Gajemigh is severely wounded.
The bat zombie closely misses you. x2
The bat zombie hits you.
* * * LOW HITPOINT WARNING * * *
The bat zombie closely misses you. The kobold zombie barely misses you.
The goblin zombie barely misses you. Gajemigh hits you but does no damage.
The goblin zombie barely misses you. The kobold zombie closely misses you.
The bat zombie barely misses you. The bat zombie closely misses you.
You hit Gajemigh but do no damage.
Gajemigh is severely wounded.
The bat zombie closely misses you. The bat zombie hits you.
* * * LOW HITPOINT WARNING * * *
The bat zombie barely misses you. The bat zombie misses you.
Gajemigh closely misses you. The goblin zombie closely misses you.
The kobold zombie hits you.
* * * LOW HITPOINT WARNING * * *
The kobold zombie closely misses you. The goblin zombie hits you.
You die...

▓▓▓▓▓▓▓▓▓▓▓▓▓▓▓▓▓▓▓▓▓▓▓▓▓▓▓▓▓▓▓▓▓
.................................
..............▓▓.▓▓..............
.............▓▓...▓▓.............
............▓▓.....▓▓............
...........▓▓.......▓▓...........
..........▓▓...ZZ....▓▓..........
▓▓▓▓▓▓▓▓▓▓▓....ZZZ....▓▓▓▓▓▓▓▓▓▓▓
∆∆∆∆∆∆▓▓▓▓▓▓▓▓▓Z@Z▓▓▓▓▓▓▓▓∆∆∆∆∆∆∆
▓▓▓▓▓▓▓▓▓▓▓.....5Z....▓▓▓▓▓▓▓▓▓▓▓
..........▓▓.........▓▓..........
...........▓▓...(...▓▓...........
............▓▓.....▓▓............
.............▓▓...▓▓.............
..............▓▓.▓▓..............
.................................
▓▓▓▓▓▓▓▓▓▓▓▓▓▓▓▓▓▓▓▓▓▓▓▓▓▓▓▓▓▓▓▓▓


You could see Gajemigh the shadow imp, 2 bat zombies, 3 goblin zombies and 3
kobold zombies.

Vanquished Creatures
  A worm (Zot)
  4 oozes (Zot)
  A giant cockroach (Zot)
  5 goblins (Zot)
  4 bats (Zot)
  3 kobolds (Zot)
  A rat (Zot)
19 creatures vanquished.

Notes
Turn   | Place    | Note
--------------------------------------------------------------
     0 | Zot      | PolkaDot, the Demonspawn Transmuter, began the quest for the Orb.
     0 | Zot      | Reached XP level 1. HP: 15/15 MP: 3/3
   204 | Zot      | Reached skill level 3 in Unarmed Combat
   263 | Zot      | Gained mutation: You have a pair of small antennae on your head. [demonic ancestry]
   263 | Zot      | Reached XP level 2. HP: 16/21 MP: 2/4
   292 | Zot      | HP: 1/21 [ooze (5)]
   302 | Zot      | Gained mutation: A weak demonic guardian rushes to your aid. [demonic ancestry]
   302 | Zot      | Reached XP level 3. HP: 14/26 MP: 4/6
   310 | Zot      | Reached skill level 4 in Unarmed Combat
   399 | Zot      | HP: 1/26 [kobold zombie[Gajemigh the shadow imp] (1)]
   399 | Zot      | Slain by a goblin zombie

Action                   || total
-------------------------++-------
Melee: Unarmed           ||    79
 Cast: Beastly Appendage ||     7
  Use: Potion            ||     5
